AoeStats
← Cardinal Richelieu

Arena

509279821Analyzed
2v2 RM · 6d ago on Sep 26, 2026· 27m 16s· 4 players
Game mode
Random Map
Map size
Medium (4 player)
Population
200
Speed
Normal
Resources
Standard
Victory
Conquest
Starting age
Dark Age
Ending age
Imperial Age
RankedLock teamsTeams togetherTeam positionsShared explorationLock speedFull tech treeHidden civsTurbo modeCheats
Victory
Defeat
🇵🇦 Danes · Panama
710
+19
🇺🇸 Varangians · United States
666
+22
🇲🇽 Franks · Mexico
792
-21
🇲🇽 Celts · Mexico
765
-20
Cardinal Richelieu
10:16 Feudal Age
11:35 Double-Bit Axe
17:27 Castle Age
16:28 Fletching
17:42 Padded Archer Armor
18:14 Loom
24:01 Horse Collar
24:51 Bodkin Arrow
24:47 Crossbowman
Elcaifascefas
2:58 Loom
11:09 Feudal Age
11:51 Double-Bit Axe
12:38 Horse Collar
20:05 Castle Age
18:57 Scale Mail Armor
19:08 Forging
18:51 Fletching
19:02 Padded Archer Armor
20:47 Caravan
21:56 Gold Mining
22:45 Chain Mail Armor
23:07 Iron Casting
24:27 Gold Shaft Mining
Alain7425
0:26 Loom
11:50 Feudal Age
16:05 Castle Age
25:36 Husbandry
Hisaocuellar
10:44 Feudal Age
11:10 Double-Bit Axe
18:35 Castle Age
16:55 Horse Collar
19:28 Wheelbarrow
20:30 Loom
23:50 Gambesons
23:25 Man-at-Arms
25:05 Forging
24:56 Scale Mail Armor
Connection lost

Rejoining the realm…

Still unreachable

The connection could not be restored.

Session expired

The server has moved on; the page needs a fresh start.